 Dungeon Crawl Stone Soup version 0.28.0-49-g6dfe1f597d (webtiles) character file.

Game seed: 3550594120194672603

606 Gabide the Spear-Bearer (level 7, -2/45 (52) HPs)
             Began as a Merfolk Monk on May 13, 2022.
             Slain by a wight
             ... wielding a +4 long sword of freezing
              (3 damage)
             ... on level 5 of the Dungeon on May 14, 2022.
             The game lasted 00:09:00 (7156 turns).

Gabide the Spear-Bearer (Merfolk Monk)              Turns: 7156, Time: 00:09:02

HP:   -2/45 (52)    AC:  8    Str: 11    XL:     7   Next: 42%
MP:   7/7           EV: 12    Int: 10    God:
Gold: 201           SH:  0    Dex: 18    Spells: 6/6 levels left

rFire   . . .      SeeInvis .   a - +0 spear
rCold   . . .      Faith    .   (no shield)
rNeg    . . .      Spirit   .   e - +0 ring mail
rPois   .          Reflect  .   k - +2 helmet
rElec   .          Harm     .   (no cloak)
rCorr   .          Rampage  .   (no gloves)
Will    .....                   (no boots)
Stlth   ++........              h - amulet of the acrobat
HPRegen 0.15/turn               (no ring)
MPRegen 0.10/turn               (no ring)

@: heavily drained
A: (nimble swimmer 2), mertail
a: no special abilities


You were on level 5 of the Dungeon.
You visited 2 branches of the dungeon, and saw 6 of its levels.

You collected 201 gold pieces.

Inventory:

Hand Weapons
 a - a +0 spear (weapon)
Armour
 e - a +0 ring mail (worn)
 k - a +2 helmet (worn)
Jewellery
 h - an amulet of the acrobat (around neck)
Wands
 l - a wand of mindburst (5)
Scrolls
 c - a scroll of noise
 f - a scroll of amnesia {unknown}
 j - a scroll of magic mapping
 m - a scroll of enchant weapon {unknown}
 n - a scroll of blinking {unknown}
 o - a scroll of teleportation {unknown}
Potions
 b - a potion of experience {unknown}
 d - a potion of invisibility {unknown}
 p - a potion of cancellation {unknown}


   Skills:
 - Level 3.2 Fighting
 + Level 10.6 Polearms
 * Level 2.5 Armour
 - Level 4.0 Dodging
 - Level 2.1 Stealth


You had 6 spell levels left.
You didn't know any spells.
Your spell library contained the following spells:

 Spells                   Type           Power      Damage    Failure   Level
 Slow                     Hex            0%         N/A       65%         1
 Sting                    Tmut/Pois      0%         1d3       65%         1
 Poisonous Vapours        Pois/Air       0%         N/A       80%         2
 Confusing Touch          Hex            0%         N/A       95%         3
 Vampiric Draining        Necr           0%         2d6       95%         3
 Olgreb's Toxic Radiance  Pois           0%         N/A       100%        4


Dungeon Overview and Level Annotations

Branches:
Dungeon (5/15)             Temple (1/1) D:4

Altars:
Cheibriados
Dithmenos
Fedhas
Gozag
Hepliaklqana
Kikubaaqudgha
Nemelex Xobeh
Okawaru
Qazlal
Trog
Vehumet
Wu Jian
Yredelemnul
Zin


Innate Abilities, Weirdness & Mutations

((You are very nimble when in or above water. (Stealth+, EV+, Speed+++)))
Your lower body shifts to a powerful aquatic tail in water.


Message History

The wight barely misses you.
You hit the wight but do no damage.
The wight is heavily damaged.
You hit the wight but do no damage.
The wight is heavily damaged.
The wight barely misses you.
You barely miss the wight.
The wight is heavily damaged.
The wight hits you with a +4 long sword of freezing.
The wight freezes you.
You hit the wight.
The wight is severely damaged.
You hit the wight but do no damage.
The wight is severely damaged.
The wight hits you with a +4 long sword of freezing.
* * * LOW HITPOINT WARNING * * *
You feel drained.
* * * LOW HITPOINT WARNING * * *
The wight freezes you.
* * * LOW HITPOINT WARNING * * *
You feel better.
The wight hits you with a +4 long sword of freezing.
* * * LOW HITPOINT WARNING * * *
The wight freezes you.
* * * LOW HITPOINT WARNING * * *
You feel better.
The wight hits you with a +4 long sword of freezing!
* * * LOW HITPOINT WARNING * * *
The wight freezes you.
* * * LOW HITPOINT WARNING * * *
You hit the wight.
The wight is almost destroyed.
You barely miss the wight.
The wight is almost destroyed.
The wight hits you with a +4 long sword of freezing!
* * * LOW HITPOINT WARNING * * *
You feel drained.
* * * LOW HITPOINT WARNING * * *
The wight freezes you.
You die...

#.#.##.###.#..
#.#.# #....#.#
#.#.# #.##...#
..#.# #.#...##
###.###z#.#...
#...#...#.## #
#.#.'######
#[#######.####
#..@z.....#
###########


You could see a wight.

Vanquished Creatures
  A sky beast (D:5)
  An ice beast (D:4)
  2 water moccasin zombies (D:5)
  2 wights (D:5)
  A centaur zombie (D:5)
  An iguana (D:3)
  3 gnolls
  6 adders
  A river rat (D:4)
  An adder skeleton (D:5)
  3 worms
  2 dart slugs
  6 orcs
  2 endoplasms
  2 giant cockroaches (D:4)
  3 goblins (D:2)
  6 hobgoblins
  2 jackals (D:1)
  7 quokkas
  6 ball pythons
  2 bats
  5 frilled lizards
  8 kobolds
  8 rats
81 creatures vanquished.

Notes
Turn   | Place    | Note
-------+----------+-------------------------------------------
     0 | D:1      | Gabide the Merfolk Monk began the quest for the Orb.
     0 | D:1      | Reached XP level 1. HP: 18/18 MP: 1/1
   169 | D:1      | Reached skill level 5 in Polearms
   205 | D:1      | Reached XP level 2. HP: 21/24 MP: 2/2
  1174 | D:2      | Reached skill level 6 in Polearms
  1174 | D:2      | Reached XP level 3. HP: 29/29 MP: 3/3
  1783 | D:2      | Reached skill level 7 in Polearms
  1783 | D:2      | Reached XP level 4. HP: 35/35 MP: 4/4
  3124 | D:4      | Noticed a black bear
  3199 | D:4      | HP: 1/35 [gnoll/+0 spear (6)]
  3528 | D:3      | Reached skill level 8 in Polearms
  3841 | D:4      | Reached XP level 5. HP: 38/41 MP: 5/5
  4579 | D:4      | Noticed an ice beast
  4583 | D:4      | Killed an ice beast
  4584 | D:4      | Reached skill level 9 in Polearms
  4584 | D:4      | Reached XP level 6. HP: 47/47 MP: 6/6
  4653 | D:4      | Found a staircase to the Ecumenical Temple.
  4667 | Temple   | Entered the Ecumenical Temple
  5624 | D:5      | Entered Level 5 of the Dungeon
  6639 | D:5      | Reached skill level 10 in Polearms
  6708 | D:5      | Reached skill level 1 in Armour
  6925 | D:5      | Noticed a sky beast
  6939 | D:5      | Killed a sky beast
  6940 | D:5      | Reached XP level 7. HP: 44/52 MP: 7/7
  6941 | D:5      | Identified the +7 whip "Daickow" {vorpal, Will++ Str+3}
  7156 | D:5      | HP: 1/45 [wight/+4 long sword of freezing (2)]
  7156 | D:5      | Slain by a wight

Illustrated notes

Levels and vault maps discovered:
D:1:      sevenhm_arrival_forest_fort_large_4, layout_loops_cross
D:2:      layout_basic, nicolae_concentric_dashed_squares_mild
D:3:      layout_basic, kennysheep_generic_room_9
D:4:      layout_basic, minmay_temple_entry_statues, gup_sewer_entry_spiral
D:5:      layout_loops_ring, mainiacjoe_overflow_swirl
Temple:   eino_temple_water

Skill      XL: |  1  2  3  4  5  6 |
---------------+-------------------+-----
Polearms       | 5 6 7 8 9 10 | 10.6
Armour         | 2 |  2.5
Fighting       | |  3.2
Dodging        | |  4.0
Stealth        | |  2.1

Action                   |  1- 3 |  4- 6 |  7- 9 || total
-------------------------+-------+-------+-------++-------
Melee: Spear             |   126 |   265 |    71 ||   462
       Punch             |     1 |     4 |       ||     5
       Tailslap          |       |     1 |       ||     1
Evoke: Wand              |       |     6 |       ||     6
  Use: Scroll            |     1 |     6 |       ||     7
       Potion            |       |     1 |     4 ||     5
 Stab: Sleeping          |     7 |     8 |       ||    15
       Distracted        |     1 |       |       ||     1
Armor: Robe              |    11 |    11 |       ||    22
       Skin              |       |     9 |       ||     9
       Ring mail         |       |    15 |    14 ||    29
Dodge: Dodged            |    46 |    88 |    21 ||   155
